 Dungeon Crawl Stone Soup version 0.16-a0-3505-g5b4553e (webtiles) character file.

4452 Minkie the Basher (level 10, -7/94 HPs)
             Began as a Minotaur Fighter on Jan 6, 2015.
             Was a Follower of Okawaru.
             Mangled by a catoblepas (21 damage)
             ... on level 9 of the Dungeon.
             The game lasted 00:31:20 (9673 turns).

Minkie the Basher (Minotaur Fighter)                Turns: 9673, Time: 00:31:20

Health: -7/94      AC: 15    Str: 19    XL:     10   Next: 15%
Magic:  4/4        EV:  4    Int:  5    God:    Okawaru [*.....]
Gold:   391        SH: 10    Dex: 14    Spells: 0 memorised, 9 levels left

rFire  . . .     SeeInvis .     E - +1 flail (protect)
rCold  . . .     Clarity  .     M - +0 plate armour
rNeg   . . .     SustAb   .     c - +0 shield
rPois  .         Gourm    .     (helmet restricted)
rElec  .         Spirit   .     v - +0 cloak
rCorr  .         Warding  .     g - +0 pair of gloves
rMut   .         Stasis   .     (no boots)
MR     .....                    (no amulet)
Stlth  ..........               (no ring)
                                n - +1 ring of strength

@: not resistant to hostile enchantments, extremely unstealthy
A: retaliatory headbutt, horns 2, deformed body, robust 1, weak 1
a: Heroism, Renounce Religion


You were on level 9 of the Dungeon.
You worshipped Okawaru.
Okawaru was aware of your devotion.
You were not hungry.

You visited 2 branches of the dungeon, and saw 10 of its levels.

You collected 391 gold pieces.

Inventory:

Hand weapons
 E - a +1 flail of protection (weapon)
Missiles
 h - 7 javelins (quivered)
Armour
 c - a +0 shield (worn)
 g - a +0 pair of gloves (worn)
 v - a +0 cloak (worn)
 M - a +0 plate armour (worn)
Rods
 q - a +0 rod of the swarm (14/14)
   (You found it on level 4 of the Dungeon)
Jewellery
 n - a +1 ring of strength (left hand)
 D - an uncursed ring of flight
Magical devices
 a - a wand of frost (28)
 z - a wand of flame (17)
 I - a wand of enslavement (11)
 K - a wand of lightning (5)
Scrolls
 b - a scroll of enchant armour {unknown}
 i - 2 scrolls of identify
 p - a scroll of amnesia {unknown}
 s - 2 scrolls of teleportation {unknown}
 t - a scroll of immolation
 w - a scroll of magic mapping
 x - 2 scrolls of fear {unknown}
 y - 2 scrolls of noise {unknown}
 C - 2 scrolls of remove curse
 F - a scroll of enchant weapon {unknown}
 G - 2 scrolls of recharging {unknown}
 H - a scroll of torment {unknown}
 L - a scroll of silence {unknown}
 O - a scroll of holy word {unknown}
Potions
 e - 2 potions of might
 j - 2 potions of agility
 k - 2 potions of brilliance
 l - 4 potions of curing
 r - a potion of mutation
 u - 2 potions of heal wounds
 A - a potion of ambrosia
 B - a potion of resistance
Books
 J - a book of Power

   Spells                             Type                      Level
   a - Fulminant Prism                Conjuration/Hexes            4
   b - Iskenderun's Mystic Blast      Conjuration                  4
   c - Venom Bolt                     Conjuration/Poison           5
   d - Bolt of Magma                  Conjuration/Fire/Earth       5
   e - Iron Shot                      Conjuration/Earth            6
   f - Orb of Destruction             Conjuration                  7
   g - Spellforged Servitor           Conjuration/Summoning        7
Comestibles
 d - 6 bread rations
 f - 4 meat rations
 m - a slice of pizza
 o - 6 fruits


   Skills:
 + Level 7.0 Fighting
 - Level 14.5 Maces & Flails
 + Level 6.2 Armour
 + Level 6.1 Shields


You had 9 spell levels left.
You didn't know any spells.

Dungeon Overview and Level Annotations

Branches:
Dungeon (9/15)             Temple (1/1) D:6
   Lair: D:8-11         Orc: D:9-12

Altars:
Ashenzari
Cheibriados
Dithmenos
Elyvilon
Fedhas
Gozag
Kikubaaqudgha
Makhleb
Nemelex Xobeh
Okawaru
Qazlal
Ru
Sif Muna
Trog
Vehumet
Xom
Yredelemnul
Zin
The Shining One


Innate Abilities, Weirdness & Mutations

You reflexively headbutt those who attack you in melee.
You have a pair of horns on your head.
Armour fits poorly on your strangely shaped body.
You are robust (+10% HP).
You are weak. (Str -2)


Message History

The catoblepas breathes a plume of calcifying dust at you.
The blast of calcifying dust hits you! The catoblepas gores you!
The catoblepas barely misses you. The catoblepas gores you!!
The catoblepas gores you but does no damage.
The catoblepas gores you.
You turn to flesh and can move again.
You hit the catoblepas but do no damage.
You headbutt the catoblepas.
The catoblepas is almost dead.
You sock the catoblepas!
The catoblepas is almost dead.
The catoblepas gores you!!
* * * LOW HITPOINT WARNING * * *
Your shield and plate armour prevent you from hitting the catoblepas.
You headbutt the catoblepas, but do no damage.
The catoblepas is almost dead.
The catoblepas gores you!!
You die...

.....#..#
#.#
........#
#.#
#..####.#
#.#
..<.....#
#.#
#.#######
#.# ### #.#
#.#
#########.#
.......Y@.#
###########


You could see a catoblepas.

Vanquished Creatures
  A two-headed ogre (D:9)
  A deep elf mage (D:9)
  2 hippogriffs
  A steam dragon (D:8)
  2 insubstantial wisps (D:8)
  4 orc warriors
  4 ice beasts
  A black bear (D:7)
  5 sky beasts
  2 phantoms
  6 ogres
  Sigmund (D:2)
  A crocodile (D:6)
  3 giant frogs
  A scorpion (D:5)
  A giant frog zombie (D:5)
  A crimson imp (D:7)
  A jelly (D:7)
  6 goliath beetles
  Crazy Yiuf (D:7)
  2 iguanas (D:4)
  2 orc priests
  A giant frog skeleton (D:4)
  3 hounds
  4 orc wizards
  5 worker ants
  3 hound skeletons
  4 gnolls
  9 adders
  3 giant mites
  4 worms
  An adder zombie (D:5)
  5 adder skeletons
  3 giant geckos
  2 oozes
  30 orcs
  13 bats
  9 giant cockroaches
  13 goblins
  13 hobgoblins
  3 jackals
  2 quokkas
  A ball python (D:2)
  6 giant newts
  A jackal skeleton (D:8)
  8 kobolds
  A quokka zombie (D:6)
  19 rats
215 creatures vanquished.

Vanquished Creatures (others)
  An orc wizard (D:8)
1 creature vanquished.

Grand Total: 216 creatures vanquished

Notes
Turn   | Place    | Note
--------------------------------------------------------------
     0 | D:1      | Minkie, the Minotaur Fighter, began the quest for the Orb.
     0 | D:1      | Reached XP level 1. HP: 19/19 MP: 1/1
   270 | D:1      | Reached skill level 4 in Fighting
   270 | D:1      | Reached XP level 2. HP: 27/27 MP: 1/1
   512 | D:1      | Reached XP level 3. HP: 33/33 MP: 2/2
  1008 | D:2      | Reached XP level 4. HP: 39/41 MP: 2/2
  1415 | D:2      | Reached skill level 5 in Fighting
  1436 | D:2      | Noticed Sigmund
  2077 | D:4      | Reached skill level 5 in Maces & Flails
  2077 | D:4      | Reached XP level 5. HP: 10/48 MP: 2/2
  2083 | D:4      | HP: 2/48 [orc/short sword (2)]
  2525 | D:4      | Reached skill level 6 in Maces & Flails
  2555 | D:4      | Reached XP level 6. HP: 56/56 MP: 3/3
  2968 | D:4      | Reached skill level 7 in Maces & Flails
  3151 | D:5      | Entered Level 5 of the Dungeon
  3395 | D:5      | Found a sacrificial altar of Ru.
  3485 | D:5      | Reached skill level 8 in Maces & Flails
  3486 | D:5      | Found a sparkling altar of Nemelex Xobeh.
  3512 | D:5      | Reached XP level 7. HP: 61/61 MP: 3/3
  3639 | D:5      | Reached skill level 9 in Maces & Flails
  3662 | D:5      | Found a glowing silver altar of Zin.
  3663 | D:5      | Found a sparkling altar of Nemelex Xobeh.
  3665 | D:5      | Found an ancient bone altar of Kikubaaqudgha.
  3666 | D:5      | Found a sacrificial altar of Ru.
  4051 | D:6      | Reached skill level 10 in Maces & Flails
  4181 | D:6      | Identified a +0 rod of the swarm (14/14) (You found it on level 4 of the Dungeon)
  4347 | D:6      | Found a staircase to the Ecumenical Temple.
  4358 | Temple   | Entered the Ecumenical Temple
  4439 | Temple   | Reached XP level 8. HP: 26/68 MP: 3/3
  4728 | D:6      | Reached skill level 11 in Maces & Flails
  5334 | D:6      | HP: 1/68 [crocodile (7)]
  5815 | D:7      | Reached skill level 12 in Maces & Flails
  6211 | D:7      | Noticed Crazy Yiuf
  6238 | D:7      | Killed Crazy Yiuf
  6277 | D:7      | Reached skill level 13 in Maces & Flails
  6837 | D:7      | Reached XP level 9. HP: 74/74 MP: 4/4
  7378 | D:2      | Killed Sigmund
  7701 | D:8      | Reached skill level 14 in Maces & Flails
  8095 | D:8      | Found a white marble altar of Elyvilon.
  8098 | D:8      | Found a stormy altar of Qazlal.
  8098 | D:8      | Found an iron altar of Okawaru.
  8098 | D:8      | Found a glowing golden altar of the Shining One.
  8099 | D:8      | Found a snail-covered altar of Cheibriados.
  8100 | D:8      | Found a shattered altar of Ashenzari.
  8102 | D:8      | Found a radiant altar of Vehumet.
  8103 | D:8      | Found a burning altar of Makhleb.
  8104 | D:8      | Found a basalt altar of Yredelemnul.
  8107 | D:8      | Became a worshipper of Warmaster Okawaru
  8448 | D:8      | Reached skill level 5 in Armour
  8448 | D:8      | Reached skill level 5 in Shields
  8450 | D:8      | HP: 2/75 [insubstantial wisp (7)]
  9152 | D:9      | Reached XP level 10. HP: 81/84 MP: 4/4
  9156 | D:9      | Gained mutation: You are weak. (Str -2) [mutagenic meat]
  9157 | D:9      | Gained mutation: Armour fits poorly on your strangely shaped body. [mutagenic meat]
  9158 | D:9      | Gained mutation: You are robust (+10% HP). [mutagenic meat]
  9183 | D:9      | Acquired Okawaru's first power
  9648 | D:9      | Noticed a catoblepas
  9673 | D:9      | Mangled by a catoblepas

Action                   |  1- 3 |  4- 6 |  7- 9 | 10-12 || total
-------------------------+-------+-------+-------+-------++-------
Melee: Flail             |    81 |   191 |   439 |    51 ||   762
Throw: Javelin           |     1 |       |       |       ||     1
  Use: Scroll            |       |       |    14 |       ||    14
  Eat: Chunk             |       |     9 |    11 |     5 ||    25
       Meat ration       |       |       |     1 |       ||     1
       Pizza             |       |       |     1 |       ||     1
